 Dungeon Crawl Stone Soup version 0.24.0-13-gcf9b319 (webtiles) character file.

Game seed: 6397741204785774845, levelgen mode: deterministic

56 Fang the Skirmisher (level 3, -8/24 HPs)
             Began as a Gargoyle Berserker on Dec 10, 2019.
             Was a Follower of Trog.
             Mangled by an ogre
             ... wielding a +0 giant spiked club
              (21 damage)
             ... on level 2 of the Dungeon.
             The game lasted 00:01:11 (1169 turns).

Fang the Skirmisher (Gargoyle Berserker)            Turns: 1169, Time: 00:01:12

Health: -8/24      AC:  5    Str: 21    XL:     3   Next: 97%
Magic:  3/3        EV: 12    Int:  7    God:    Trog [*.....]
Gold:   79         SH:  0    Dex:  9    Spells: 2/2 levels left

rFire    . . .     SeeInvis .   a - +0 hand axe
rCold    . . .     Gourm    .   (no shield)
rNeg     + . .     Faith    .   b - +0 animal skin
rPois    ∞         Spirit   .   (no helmet)
rElec    +         Reflect  .   (no cloak)
rCorr    .         Harm     .   (no gloves)
MR       ++...                  (no boots)
Stlth    +.........             (no amulet)
HPRegen  1.08/turn              (no ring)
MPRegen  0.08/turn              (no ring)

@: berserk cooldown, regenerating, slowed, very slow
A: negative energy resistance 1, electricity resistance, unbreathing,
petrification resistance, rot immunity, AC +3
a: Berserk, Renounce Religion


You were on level 2 of the Dungeon.
You worshipped Trog.
Trog was aware of your devotion.
You were very hungry.

You visited 1 branch of the dungeon, and saw 2 of its levels.

You collected 79 gold pieces.

Inventory:

Hand Weapons
 a - a +0 hand axe (weapon)
Armour
 b - a +0 animal skin (worn)
Jewellery
 e - a +3 ring of slaying {unknown}
 g - a +5 ring of dexterity {unknown}
Scrolls
 f - a scroll of noise {unknown}
 j - a scroll of magic mapping {unknown}
 l - a scroll of blinking {unknown}
Potions
 d - 3 potions of haste {unknown}
 h - 3 potions of curing {unknown}
 i - a potion of resistance {unknown}
Comestibles
 c - 2 rations
 k - 3 chunks of flesh


   Skills:
 + Level 3.8 Fighting
 + Level 3.1 Axes
 + Level 2.9 Armour
 + Level 2.1 Dodging


You had 2 spell levels left.
You didn't know any spells.
Your spell library was empty.

Dungeon Overview and Level Annotations

Branches:
Dungeon (2/15)

Altars:
Ru


Innate Abilities, Weirdness & Mutations

You are resistant to torment.
Your stone body is resilient. (AC +3)
You are immune to poison.
You resist negative energy. (rN+)
You are resistant to electric shocks. (rElec)
You can survive without breathing.
You are immune to petrification.
You are immune to rotting.


Message History

You feel a strong urge to attack something.
You are no longer berserk.
You are exhausted.
You feel yourself slow down.
k - 3 chunks of flesh
There is an open door here.
Your skin crawls.
You feel resistant to hostile enchantments.
You feel somewhat more hungry.
You can no longer call upon Trog for regeneration and magic resistance.
You are feeling very hungry.
The ogre hits you with a +0 giant spiked club!
Ouch! That really hurt!
* * * LOW HITPOINT WARNING * * *
The ogre closely misses you. The ogre misses you.
You feel the effects of Trog's Hand fading.
The ogre hits you with a +0 giant spiked club!!
Ouch! That really hurt!
You die...

#.# ........# #####
#.# ..$.....##......
#.# ................
#.# ........##......
#.# #######'##......
#.# #....)..... #.#
#..........
#.#########..........
#......@O............
#.#########....###.#
.... #.)..# . #####
#....# ######


You could see an ogre.

Vanquished Creatures
  2 adders (D:2)
  2 worms (D:2)
  A dart slug (D:1)
  A leopard gecko (D:2)
  7 bats
  3 giant cockroaches
  2 hobgoblins (D:1)
  2 jackals (D:1)
  2 kobolds (D:2)
  4 frilled lizards
  5 rats
31 creatures vanquished.

Notes
Turn   | Place    | Note
-------+----------+-------------------------------------------
     0 | D:1      | Fang the Gargoyle Berserker began the quest for the Orb.
     0 | D:1      | Reached XP level 1. HP: 14/14 MP: 1/1
   103 | D:1      | Reached XP level 2. HP: 19/19 MP: 2/2
   698 | D:2      | Found a sacrificial altar of Ru.
   742 | D:2      | Reached XP level 3. HP: 19/23 MP: 3/3
  1151 | D:2      | Reached ** piety under Trog
  1156 | D:2      | Noticed an ogre
  1162 | D:2      | HP: 1/24 [ogre/+0 giant spiked club (13)]
  1169 | D:2      | Mangled by an ogre

Levels and vault maps discovered:
D:1:      minmay_arrival_cross, layout_basic, lemuel_flame_loot_1
D:2:      layout_basic, hangedman_ru_absence, first_ration,
          fedhas_altar_fruit_tree, uniq_natasha, uniq_robin

Skill      XL: |  1  2  3 |
---------------+----------+-----
Axes           | 3 |  3.1
Dodging        | 2 |  2.1
Fighting       | |  3.8
Armour         | |  2.9

Action                   || total
-------------------------++-------
Melee: Hand axe          ||    96
Invok: Berserk           ||     2
       Trog's Hand       ||     1
  Eat: Chunk             ||     2
Armor: Animal skin       ||    46
Dodge: Dodged            ||    98
